 Dungeon Crawl Stone Soup version 0.27-a0-965-gbf8bb431c4 (webtiles) character file.

Game seed: 12568940094843619037

182 spiderkeys the Skirmisher (level 5, -5/40 (42) HPs)
             Began as a Demonspawn Abyssal Knight on Apr 12, 2021.
             Was a Believer of Lugonu.
             Slain by a two-headed ogre
             ... wielding a +0 giant spiked club
              (16 damage)
             ... on level 3 of the Dungeon.
             The game lasted 00:04:33 (2966 turns).

spiderkeys the Skirmisher (DsAK)                    Turns: 2966, Time: 00:04:35

HP:   -5/40 (42)    AC:  7    Str: 13    XL:     5   Next: 34%
MP:   7/7           EV: 10    Int: 14    God:    Lugonu [**....]
Gold: 37            SH:  5    Dex: 12    Spells: 4/4 levels left

rFire    . . .     SeeInvis .   b - +2 hunting sling (freeze)
rCold    . . .     Faith    .   c - +1 buckler {AC+3}
rNeg     . . .     Spirit   .   j - +0 leather armour
rPois    .         Reflect  .   (helmet restricted)
rElec    .         Harm     .   (no cloak)
rCorr    .         Rampage  .   (no gloves)
Will     .....                  (no boots)
Stlth    +.........             f - amulet of the acrobat
HPRegen  0.13/turn              (no ring)
MPRegen  0.10/turn              (no ring)

@: lightly drained
A: horns 1, powered by death 1, sharp scales 1
a: Renounce Religion, Depart the Abyss, Bend Space


You were on level 3 of the Dungeon.
You worshipped Lugonu.
Lugonu was pleased with you.
You visited 1 branch of the dungeon, and saw 4 of its levels.
You visited the Abyss 1 time.

You collected 116 gold pieces.
You spent 79 gold pieces at shops.

Inventory:

Hand Weapons
 a - a +1 spear
 b - a +2 hunting sling of freezing (weapon)
Missiles
 n - 34 stones (quivered ammo)
Armour
 c - a +1 buckler of protection (worn)
 j - a +0 leather armour (worn)
Jewellery
 f - an amulet of the acrobat (around neck)
Wands
 h - a wand of iceblast (8)
Scrolls
 d - a scroll of fog
 g - a scroll of magic mapping {unknown}
 i - a scroll of blinking {unknown}
 m - a scroll of teleportation
Potions
 e - a potion of flight
 k - a potion of curing {unknown}
 l - 2 potions of invisibility {unknown}


   Skills:
 + Level 3.6 Fighting
 * Level 3.2 Polearms
 + Level 2.5 Armour
 - Level 0.8 Dodging
 + Level 1.7 Shields
 + Level 3.6 Invocations


You had 4 spell levels left.
You didn't know any spells.
Your spell library was empty.

Dungeon Overview and Level Annotations

Branches:
Dungeon (4/15)
 Temple: D:4-7

Altars:

Shops:
D:3 *


Innate Abilities, Weirdness & Mutations

You have a pair of small horns on your head.
You regenerate a little health from kills.
You are partially covered in razor-sharp scales. (AC +1, Slay +1)


Message History

9 stones; a +0 club
n - 9 stones
There is a stone staircase leading down here.
You climb downwards.
There is a stone staircase leading up here.
Search for what [Enter for "."]?
Okay, then.
There is an open door here.
There is an entrance to Nieps's General Store here.
There is an open door here.
There is an entrance to Nieps's General Store here.
n - 36 stones (gained 27) Thank you for shopping at Nieps's General Store!
There is an open door here.
Your +2 hunting sling of freezing is covered in frost.
b - a +2 hunting sling of freezing (weapon)
There is an open door here.
A two-headed ogre is nearby!
You shoot a stone.
The stone completely misses the two-headed ogre.
The two-headed ogre barely misses you. x2
You shoot a stone.
The stone barely misses the two-headed ogre.
The two-headed ogre hits you with a +0 giant spiked club!!
The two-headed ogre misses you.
There is a stone staircase leading down here.
The two-headed ogre completely misses you. x2
There is an open door here.
You see here a stone.
There is a stone staircase leading down here.
You climb downwards. 4 wights come into view.
There is a stone staircase leading up here.
The wight hits you with a +0 dagger. You block the wight's attack.
The wight hits you with a +0 short sword!
You feel drained.
* * * LOW HITPOINT WARNING * * *
You climb upwards.
The two-headed ogre closely misses you.
The two-headed ogre hits you with a +0 giant spiked club!
You die...

##....##### #.#.# #
#.....# #r#.# #
######.#.#### #.#.#
#.......(...##### #.#.#
#.##..#..##.#....##'#$###
#.##..#.....#.##......#..
##.##..#..#.....#......#.#
#...#..#zz#.######....<...
#.###....@.......+.......#
#'# #...O.z.######[.......
#............(.##
#........ #.........####+#
###.#.... #.........#
...#.... #......#..#
#.###.... #......+..# #.
..### #......##.# ##
#......# .#


You could see a two-headed ogre and 3 wights.

Vanquished Creatures
  A phantom (D:2)
  4 adders (D:3)
  A worm (D:2)
  3 dart slugs
  8 endoplasms
  2 giant cockroaches (D:1)
  9 goblins
  9 hobgoblins
  2 jackals (D:1)
  4 kobolds
  5 quokkas
  4 ball pythons
  2 bats
  5 rats
59 creatures vanquished.

Notes
Turn   | Place    | Note
-------+----------+-------------------------------------------
     0 | Abyss:1  | spiderkeys the Demonspawn Abyssal Knight began the quest
                  | for the Orb.
     0 | Abyss:1  | Reached XP level 1. HP: 18/18 MP: 2/2
    24 | D:1      | Escaped the Abyss
   223 | D:1      | Gained mutation: You regenerate a little health from kills.
                  | [demonic ancestry]
   223 | D:1      | Reached XP level 2. HP: 14/22 MP: 3/3
   459 | D:1      | Reached ** piety under Lugonu
   624 | D:1      | Gained mutation: You are partially covered in razor-sharp
                  | scales. (AC +1, Slay +1) [demonic ancestry]
   624 | D:1      | Reached XP level 3. HP: 28/29 MP: 5/5
   860 | D:2      | Reached skill level 1 in Shields
  1299 | D:2      | Noticed a phantom
  1338 | D:2      | Killed a phantom
  1339 | D:2      | Reached XP level 4. HP: 8/35 MP: 6/6
  1846 | D:2      | Found a faded altar of an unknown god.
  2036 | D:3      | Gained mutation: You have a pair of small horns on your
                  | head. [demonic ancestry]
  2036 | D:3      | Reached XP level 5. HP: 41/41 MP: 7/7
  2345 | D:3      | Found Nieps's General Store.
  2348 | D:3      | Bought a scroll of teleportation for 42 gold pieces
  2407 | D:3      | Noticed a two-headed ogre
  2854 | D:3      | Bought 27 stones for 37 gold pieces
  2966 | D:3      | Slain by a two-headed ogre

Illustrated notes

Levels and vault maps discovered:
D:1:      lemuel_arrival_behind_the_door_large, layout_rooms
D:2:      layout_basic, hellmonk_ecumenical_altar_heavens_door
D:3:      layout_basic, serial_shops, nicolae_shop_behind_doors
D:4:      layout_basic

Skill      XL: |  1  2  3  4 |
---------------+-------------+-----
Polearms       | 2 3 |  3.2
Armour         | 2 |  2.5
Invocations    | 3 |  3.6
Shields        | 1 |  1.7
Fighting       | |  3.6
Dodging        | |  0.8

Action                   |  1- 3 |  4- 6 || total
-------------------------+-------+-------++-------
Melee: Spear             |   154 |    68 ||   222
       Headbutt          |       |     1 ||     1
 Fire: Hunting sling     |       |     2 ||     2
  Use: Scroll            |     4 |       ||     4
       Potion            |     3 |       ||     3
 Stab: Sleeping          |     1 |     1 ||     2
Armor: Leather armour    |    46 |    16 ||    62
Dodge: Dodged            |    42 |    36 ||    78
Block: Buckler           |    18 |    10 ||    28

Table legend: (Time is in decaauts)
 A = Elapsed time spent in this place.
 B = Non-inter-level travel time spent in this place.
 C = Inter-level travel time spent in this place.
 D = Time resting spent in this place.
 E = Time spent auto-exploring this place.
 F = Levels seen in this place.
 G = Mean time per level.
                   A        B        C        D        E       F      G
               +--------+--------+--------+--------+--------+-----+--------+
         Total |   2975 |   2792 |    183 |    212 |   1985 |   5 |  595.0 |
       Dungeon |   2951 |   2768 |    183 |    212 |   1975 |   4 |  737.8 |
         Abyss |     24 |     24 |      0 |      0 |     10 |   1 |   24.0 |
               +--------+--------+--------+--------+--------+-----+--------+

Top non-repeatable levels by time:
     D:2: 1554 daAuts
     D:1: 814 daAuts
     D:3: 580 daAuts
 Abyss:1: 24 daAuts
     D:4: 1 daAuts
